3AA
SAN BERNARDINO GRASSHOPPERS @ OTTAWA NATIONALS
06/24/2025
 
TOP OF THE 1ST
San Bernardino Grasshoppers batting - Pitching for Ottawa Nationals : LHP Jorge Peralta
Pitching: LHP Jorge Peralta
Batting: RHB Enrico Betancourt 0-0: Swinging Strike
0-1: Ball
1-1: Called Strike
1-2: Ball
2-2: Foul Ball, location: 2F
2-2: Ball
3-2: Foul Ball, location: 2F
3-2: Strikes out swinging
Batting: RHB Arnold Giroux 0-0: Called Strike
0-1: Ball
1-1: Swinging Strike
1-2: Ball
2-2: Foul Ball, location: 2F
2-2: Ball
3-2: Ground out 5-3 (Groundball, 56S)
Batting: SHB Zuberi Mccray 0-0: Foul Ball, location: 2F
0-1: Hit by Pitch
Batting: LHB Mario Nieves 0-0: Ball
1-0: Ground out 4-3 (Groundball, 34)
Top of the 1st over - 0 run(s), 0 hit(s), 0 error(s), 1 left on base; San Bernardino 0 - Ottawa 0
BOTTOM OF THE 1ST
Ottawa Nationals batting - Pitching for San Bernardino Grasshoppers : RHP Manny Merico
Pitching: RHP Manny Merico
Batting: RHB Howard Fewell 0-0: Foul Ball, location: 2F
0-1: Ball
1-1: Ball
2-1: Fly out, F3 (Flyball, 3D)
Batting: RHB Warren Martin 0-0: Called Strike
0-1: Ball
1-1: Swinging Strike
1-2: Foul Ball, location: 2F
1-2: Foul Ball, location: 2F
1-2: Strikes out looking
Batting: RHB Patrick Samuels 0-0: Ball
1-0: Foul Ball, location: 2F
1-1: Foul Ball, location: 2F
1-2: Foul Ball, location: 2F
1-2: Foul Ball, location: 2F
1-2: Strikes out swinging
Bottom of the 1st over - 0 run(s), 0 hit(s), 0 error(s), 0 left on base; San Bernardino 0 - Ottawa 0
TOP OF THE 2ND
San Bernardino Grasshoppers batting - Pitching for Ottawa Nationals : LHP Jorge Peralta
Batting: RHB Matt Roloff 0-0: Called Strike
0-1: Ball
1-1: Ball
2-1: Ball
3-1: Foul Ball, location: 2F
3-2: Base on Balls
Batting: RHB Manuel García 0-0: Ball
1-0: Fly out, F4 (Popup, 3)
Batting: RHB José Ruíz 0-0: Called Strike
0-1: Ball
1-1: Called Strike
1-2: Ball
2-2: Strikes out swinging
Batting: LHB Homer Spence 0-0: Ball
1-0: Called Strike
1-1: Foul Ball, location: 2F
1-2: Ball
2-2: Ball
3-2: SINGLE (Line Drive, 34D)
Matt Roloff to second
Matt Roloff to third
Batting: RHB José Urruticodez 0-0: Fly out, F8 (Flyball, 8LD)
Top of the 2nd over - 0 run(s), 1 hit(s), 0 error(s), 2 left on base; San Bernardino 0 - Ottawa 0
BOTTOM OF THE 2ND
Ottawa Nationals batting - Pitching for San Bernardino Grasshoppers : RHP Manny Merico
Batting: RHB Louis Espinosa 0-0: Foul Ball, location: 2F
0-1: Swinging Strike
0-2: Strikes out looking
Batting: LHB Manuel Sánchez 0-0: Ball
1-0: Foul Ball, location: 2F
1-1: Ground out U3 (Groundball, 3)
Batting: RHB Barry Welch 0-0: Ball
1-0: Fly out, F8 (Flyball, 78S)
Bottom of the 2nd over - 0 run(s), 0 hit(s), 0 error(s), 0 left on base; San Bernardino 0 - Ottawa 0
TOP OF THE 3RD
San Bernardino Grasshoppers batting - Pitching for Ottawa Nationals : LHP Jorge Peralta
Batting: RHB Enrico Betancourt 0-0: Ball
1-0: Fly out, F8 (Flyball, 8LD)
Batting: RHB Arnold Giroux 0-0: SINGLE (Groundball, 56S) (infield hit)
Batting: SHB Zuberi Mccray 0-0: Called Strike
0-1: Fly out, F8 (Flyball, 8LXD)
Batting: LHB Mario Nieves 0-0: Ball
1-0: Fly out, F5 (Flyball, 5D)
Top of the 3rd over - 0 run(s), 1 hit(s), 0 error(s), 1 left on base; San Bernardino 0 - Ottawa 0
BOTTOM OF THE 3RD
Ottawa Nationals batting - Pitching for San Bernardino Grasshoppers : RHP Manny Merico
Batting: LHB Javier Hernández 0-0: Ball
1-0: Ball
2-0: Foul Ball, location: 2F
2-1: Foul Ball, location: 2F
2-2: Ball
3-2: Hit by Pitch
Batting: LHB Jesús Mancía 0-0: Called Strike
Javier Hernández is caught stealing 2nd base
0-1: Swinging Strike
0-2: Ball
1-2: Foul Ball, location: 2F
1-2: Strikes out swinging
Batting: RHB Brandon Carroll 0-0: Ball
1-0: Foul Ball, location: 2F
1-1: Called Strike
1-2: Ground out 5-3 (Groundball, 56)
Bottom of the 3rd over - 0 run(s), 0 hit(s), 0 error(s), 0 left on base; San Bernardino 0 - Ottawa 0
TOP OF THE 4TH
San Bernardino Grasshoppers batting - Pitching for Ottawa Nationals : LHP Jorge Peralta
Batting: RHB Matt Roloff 0-0: Ball
1-0: Called Strike
1-1: Ball
2-1: Ball
3-1: Base on Balls
Batting: RHB Manuel García 0-0: Ball
1-0: DOUBLE (Line Drive, 7LM)
Matt Roloff to third
Batting: RHB José Ruíz 0-0: Called Strike
0-1: Ball
1-1: Called Strike
1-2: Ground out 6-3 (Groundball, 56)
Matt Roloff scores
Batting: LHB Homer Spence 0-0: Foul Ball, location: 2F
0-1: Ground out U3 (Groundball, 23)
Manuel García to third
Batting: RHB José Urruticodez 0-0: Ground out 6-3 (Groundball, 6S)
Top of the 4th over - 1 run(s), 1 hit(s), 0 error(s), 1 left on base; San Bernardino 1 - Ottawa 0
BOTTOM OF THE 4TH
Ottawa Nationals batting - Pitching for San Bernardino Grasshoppers : RHP Manny Merico
Batting: RHB Howard Fewell 0-0: Foul Ball, location: 2F
0-1: Foul Ball, location: 2F
0-2: Ball
1-2: Foul Ball, location: 2F
1-2: Ball
2-2: Ball
3-2: Strikes out swinging
Batting: RHB Warren Martin 0-0: Swinging Strike
0-1: Ball
1-1: Ground out 3-1 (Groundball, 34)
Batting: RHB Patrick Samuels 0-0: Hit by Pitch
Batting: RHB Louis Espinosa 0-0: Called Strike
0-1: SINGLE (Groundball, 6MD)
Patrick Samuels to second
Batting: LHB Manuel Sánchez 0-0: Swinging Strike
0-1: Called Strike
0-2: Ball
1-2: Ground out 4-3 (Groundball, 4D)
Bottom of the 4th over - 0 run(s), 1 hit(s), 0 error(s), 2 left on base; San Bernardino 1 - Ottawa 0
TOP OF THE 5TH
San Bernardino Grasshoppers batting - Pitching for Ottawa Nationals : LHP Jorge Peralta
Batting: RHB Enrico Betancourt 0-0: SINGLE (Groundball, 34D)
Batting: RHB Arnold Giroux 0-0: Called Strike
0-1: Bunted foul
0-2: Ball
1-2: SINGLE (Groundball, 56D)
Enrico Betancourt to second
Batting: SHB Zuberi Mccray 0-0: Grounds into double play, 5-4-3 (Groundball, 56)
Enrico Betancourt to third
Batting: LHB Mario Nieves 0-0: Ground out 4-3 (Groundball, 34)
Top of the 5th over - 0 run(s), 2 hit(s), 0 error(s), 1 left on base; San Bernardino 1 - Ottawa 0
BOTTOM OF THE 5TH
Ottawa Nationals batting - Pitching for San Bernardino Grasshoppers : RHP Manny Merico
Batting: RHB Barry Welch 0-0: Called Strike
0-1: Fly out, F9 (Flyball, 89M)
Batting: LHB Javier Hernández 0-0: Ball
1-0: Ball
2-0: Ball
3-0: Base on Balls
Batting: LHB Jesús Mancía 0-0: Foul Ball, location: 2F
0-1: Ball
1-1: Ball
2-1: Fly out, F7 (Flyball, 7D)
Batting: RHB Brandon Carroll 0-0: Ball
1-0: Foul Ball, location: 2F
1-1: Ball
2-1: Foul Ball, location: 2F
2-2: Foul Ball, location: 2F
2-2: Fielders Choice at 2nd, 6-4 (Groundball, 6)
Bottom of the 5th over - 0 run(s), 0 hit(s), 0 error(s), 0 left on base; San Bernardino 1 - Ottawa 0
TOP OF THE 6TH
San Bernardino Grasshoppers batting - Pitching for Ottawa Nationals : LHP Jorge Peralta
Batting: RHB Matt Roloff 0-0: Ball
1-0: Ball
2-0: Fly out, F8 (Flyball, 8LS)
Batting: RHB Manuel García 0-0: Foul Ball, location: 2F
0-1: Called Strike
0-2: Strikes out swinging
Batting: RHB José Ruíz 0-0: Ground out 6-3 (Groundball, 6)
Top of the 6th over - 0 run(s), 0 hit(s), 0 error(s), 0 left on base; San Bernardino 1 - Ottawa 0
BOTTOM OF THE 6TH
Ottawa Nationals batting - Pitching for San Bernardino Grasshoppers : RHP Manny Merico
Batting: RHB Howard Fewell 0-0: Ball
1-0: Foul Ball, location: 2F
1-1: Ball
2-1: Foul Ball, location: 2F
2-2: Strikes out swinging
Batting: RHB Warren Martin 0-0: Ball
1-0: Swinging Strike
1-1: Ball
2-1: Called Strike
2-2: Foul Ball, location: 2F
2-2: Ball
3-2: Foul Ball, location: 2F
3-2: Foul Ball, location: 2F
3-2: Foul Ball, location: 2F
3-2: Strikes out swinging, 2-3 out at first.
Batting: RHB Patrick Samuels 0-0: Foul Ball, location: 2F
0-1: Foul Ball, location: 2F
0-2: Ball
1-2: Ball
2-2: Ball
3-2: Ground out 6-3 (Groundball, 6)
Bottom of the 6th over - 0 run(s), 0 hit(s), 0 error(s), 0 left on base; San Bernardino 1 - Ottawa 0
TOP OF THE 7TH
San Bernardino Grasshoppers batting - Pitching for Ottawa Nationals : LHP Jorge Peralta
Batting: LHB Homer Spence 0-0: Ground out U3 (Groundball, 3L)
Batting: RHB José Urruticodez 0-0: Called Strike
0-1: Ball
1-1: Swinging Strike
1-2: Ball
2-2: Strikes out looking
Batting: RHB Enrico Betancourt 0-0: Called Strike
0-1: Ball
1-1: SINGLE (Flyball, 7S)
Pinch Hitting: RHB Brandon Cole 0-0: Ball
1-0: Foul Ball, location: 2F
1-1: Ball
2-1: Ball
3-1: Ground out 6-3 (Groundball, 6S)
Top of the 7th over - 0 run(s), 1 hit(s), 0 error(s), 1 left on base; San Bernardino 1 - Ottawa 0
BOTTOM OF THE 7TH
Ottawa Nationals batting - Pitching for San Bernardino Grasshoppers : RHP Manny Merico
Now at 3B: Brandon Cole
Batting: RHB Louis Espinosa 0-0: Called Strike
0-1: Ground out 5-3 (Groundball, 5)
Batting: LHB Manuel Sánchez 0-0: Ball
1-0: Ball
2-0: Ball
3-0: Called Strike
3-1: Called Strike
3-2: Strikes out swinging
Batting: RHB Barry Welch 0-0: Foul Ball, location: 2F
0-1: Foul Ball, location: 2F
0-2: Foul Ball, location: 2F
0-2: Foul Ball, location: 2F
0-2: Foul Ball, location: 2F
0-2: Ground out 6-3 (Groundball, 6)
Bottom of the 7th over - 0 run(s), 0 hit(s), 0 error(s), 0 left on base; San Bernardino 1 - Ottawa 0
TOP OF THE 8TH
San Bernardino Grasshoppers batting - Pitching for Ottawa Nationals : LHP Jorge Peralta
Pitching: RHP Ralph Ogstoun
Batting: SHB Zuberi Mccray 0-0: Foul Ball, location: 2F
0-1: Swinging Strike
0-2: Ball
1-2: Ball
2-2: Ball
3-2: Base on Balls
Batting: LHB Mario Nieves 0-0: Ball
1-0: Grounds into double play, 5-4-3 (Groundball, 6)
Batting: RHB Matt Roloff 0-0: Called Strike
0-1: Ball
1-1: Ball
2-1: Ball
3-1: SOLO HOME RUN (Flyball, 8RXD), Distance : 434 ft
Batting: RHB Manuel García 0-0: Ball
1-0: DOUBLE (Line Drive, 9)
Batting: RHB José Ruíz 0-0: Ball
1-0: Foul Ball, location: 2F
1-1: Called Strike
1-2: Ground out 5-3 (Groundball, 5S)
Top of the 8th over - 1 run(s), 2 hit(s), 0 error(s), 1 left on base; San Bernardino 2 - Ottawa 0
BOTTOM OF THE 8TH
Ottawa Nationals batting - Pitching for San Bernardino Grasshoppers : RHP Manny Merico
Batting: LHB Javier Hernández 0-0: Ball
1-0: Ball
2-0: Ball
3-0: Base on Balls
Batting: LHB Jesús Mancía 0-0: Ball
1-0: Foul Ball, location: 2F
1-1: Called Strike
1-2: Ball
2-2: Strikes out swinging
Pitching: RHP Arturo Villa
Batting: RHB Brandon Carroll 0-0: Swinging Strike
0-1: Foul Ball, location: 2F
0-2: Ball
1-2: Strikes out swinging
Batting: RHB Howard Fewell 0-0: Called Strike
0-1: DOUBLE (Flyball, 78M)
Javier Hernández to third
Batting: RHB Warren Martin 0-0: Called Strike
0-1: Fly out, F9 (Flyball, 9S)
Bottom of the 8th over - 0 run(s), 1 hit(s), 0 error(s), 2 left on base; San Bernardino 2 - Ottawa 0
TOP OF THE 9TH
San Bernardino Grasshoppers batting - Pitching for Ottawa Nationals : RHP Ralph Ogstoun
Batting: LHB Homer Spence 0-0: Ball
1-0: Ball
2-0: Swinging Strike
2-1: Ball
3-1: Ground out 6-3 (Groundball, 6)
Batting: RHB José Urruticodez 0-0: Called Strike
0-1: Ball
1-1: Ground out U3 (Groundball, 23)
Batting: RHB Enrico Betancourt 0-0: Foul Ball, location: 2F
0-1: Ball
1-1: Fly out, F9 (Flyball, 9)
Top of the 9th over - 0 run(s), 0 hit(s), 0 error(s), 0 left on base; San Bernardino 2 - Ottawa 0
BOTTOM OF THE 9TH
Ottawa Nationals batting - Pitching for San Bernardino Grasshoppers : RHP Arturo Villa
Pitching: LHP Héctor Valentín
Batting: RHB Patrick Samuels 0-0: Swinging Strike
0-1: Ball
1-1: Ball
2-1: Foul Ball, location: 2F
2-2: Ball
3-2: Foul Ball, location: 2F
3-2: Strikes out swinging
Batting: RHB Louis Espinosa 0-0: Called Strike
0-1: Ball
1-1: Ball
2-1: Ball
3-1: Base on Balls
Pinch Hitting: RHB Michael Peterson 0-0: Ball
1-0: Foul Ball, location: 2F
1-1: Ball
2-1: Ground out 4-3 (Groundball, 34D)
Louis Espinosa to second
Pinch Hitting: RHB Felipe Gonzáles 0-0: Called Strike
0-1: Ball
1-1: Ball
2-1: Foul Ball, location: 2F
2-2: Foul Ball, location: 2F
2-2: Foul Ball, location: 2F
2-2: Foul Ball, location: 2F
2-2: Ball
3-2: Foul Ball, location: 2F
3-2: Foul Ball, location: 2F
3-2: Base on Balls
Pinch Hitting: RHB Dan Curtis 0-0: Ball
1-0: Foul Ball, location: 2F
1-1: Ball
2-1: Ball
3-1: Base on Balls
Louis Espinosa to third
Felipe Gonzáles to second
Pinch Hitting: RHB Dirk Davis 0-0: Fly out, F8 (Flyball, 8RD)
Bottom of the 9th over - 0 run(s), 0 hit(s), 0 error(s), 3 left on base; San Bernardino 2 - Ottawa 0
Friday, December 30th, 2016 - OOTP Baseball 17.12 Build 75